 Dungeon Crawl Stone Soup version 0.25-a0-815-gab441bd002 (webtiles) character file.

Game seed: 6959769118441340000, levelgen mode: deterministic

259 Maedhros the Charlatan (level 6, -5/38 HPs)
             Began as an Octopode Artificer on Apr 20, 2020.
             Was a Believer of Cheibriados.
             Slain by an ogre
             ... wielding a +0 giant club
              (25 damage)
             ... on level 4 of the Dungeon.
             The game lasted 00:02:51 (3067 turns).

Maedhros the Charlatan (Octopode Artificer)         Turns: 3067, Time: 00:02:52

Health: -5/38      AC:  1    Str: 16    XL:     6   Next: 17%
Magic:  9/9        EV: 14    Int: 17    God:    Cheibriados [**....]
Gold:   91         SH:  0    Dex: 21    Spells: 5/5 levels left

rFire    . . .     SeeInvis .   e - +0 dagger (venom)
rCold    . . .     Gourm    .   (no shield)
rNeg     . . .     Faith    .   (helmet restricted)
rPois    .         Spirit   .   (no amulet)
rElec    .         Reflect  .   o - ring of attention (curse)
rCorr    .         Harm     .   q - +3 ring of dexterity
MR       .....                  (no ring)
Stlth    +++.......             (no ring)
HPRegen  0.12/turn              (no ring)
MPRegen  0.11/turn              (no ring)
                                (no ring)
                                (no ring)

@: very slow
A: almost no armour, stealthy swim, amphibious, 8 rings, constrict 8, camouflage
1, gelatinous body 1
a: Bend Time, Renounce Religion


You were on level 4 of the Dungeon.
You worshipped Cheibriados.
Cheibriados was pleased with you.
You were hungry.

You visited 2 branches of the dungeon, and saw 5 of its levels.

You collected 91 gold pieces.

Inventory:

Hand Weapons
 a - a +0 short sword
 e - a +0 dagger of venom (weapon)
Jewellery
 o - a cursed ring of attention (left tentacle)
 q - a +3 ring of dexterity (right tentacle)
Wands
 b - a wand of flame (15)
 c - a wand of enslavement (14)
 d - a wand of iceblast (7)
Scrolls
 g - a scroll of teleportation {unknown}
 i - 5 scrolls of identify {unknown}
 j - a scroll of fog {unknown}
 k - 2 scrolls of blinking {unknown}
 l - a scroll of remove curse {unknown}
 s - a scroll of immolation {unknown}
Potions
 h - 2 potions of brilliance {unknown}
 m - a potion of flight {unknown}
 n - a potion of resistance {unknown}
 p - a potion of mutation {unknown}
 r - a potion of lignification {unknown}
Comestibles
 f - 7 rations


   Skills:
 - Level 1.0 Fighting
 - Level 1.0 Short Blades
 - Level 2.0 Dodging
 + Level 4.3 Stealth
 * Level 4.0 Unarmed Combat
 + Level 4.6 Evocations


You had 5 spell levels left.
You didn't know any spells.
Your spell library contained the following spells:

 Spells                   Type           Power        Failure   Level  Hunger
 Confusing Touch          Hex            #.......     56%         3    ####...
 Gell's Gravitas          Tloc           #.........   56%         3    ####...
 Petrify                  Tmut/Erth      #.......     93%         4    #####..
 Metabolic Englaciation   Hex/Ice        #.........   100%        5    ######.
 Yara's Violent Unravell  Hex/Tmut       #.........   100%        5    ######.


Dungeon Overview and Level Annotations

Branches:
Dungeon (4/15)             Temple (1/1) D:4

Altars:
Ashenzari
Cheibriados
Elyvilon
Gozag
Hepliaklqana
Makhleb
Okawaru
Qazlal
Sif Muna
Uskayaw
Wu Jian
Xom

Portals:
Abyss: D:4

Annotations:
D:4 2 transporters, twirl's ghost, amateur GrFi


Innate Abilities, Weirdness & Mutations

You cannot wear most types of armour.
You are very stealthy in the water. (Stealth+)
You are amphibious.
You can wear up to eight rings at the same time.
You can use your tentacles to constrict eight enemies at once.
Your skin changes colour to match your surroundings (Stealth+).
Your rubbery body absorbs attacks. (AC +1, EV +1)


Message History

Cheibriados appreciates the change of pace.
The ogre barely misses you.
Found a scroll labeled SET ZYWNAE.
You hit the ogre but do no damage.
The ogre is poisoned.
The ogre misses you.
You hit the ogre but do no damage. You hit the ogre.
The ogre looks as sick as possible!
The ogre is lightly wounded.
The ogre hits you with a +0 giant club!
You hit the ogre but do no damage. You squeeze the ogre.
The ogre is moderately wounded.
The ogre misses you.
You are too injured to fight recklessly!
You hit the ogre.
The ogre looks as sick as possible!
The ogre is heavily wounded.
You hit the ogre but do no damage. You squeeze the ogre!
The ogre is severely wounded.
The ogre closely misses you.
The ogre hits you with a +0 giant club!!
Ouch! That really hurt!
You die...

#.........#
########.## #.#
#.# #.# #.#
##.## ####
####...##!....
##....@.......#
.......O..#.##.#
###.##...## #
... ##.## ###
#.. #.# ... ...
?..


You could see an ogre.

Vanquished Creatures
  A hound (D:4)
  A bullfrog skeleton (D:4)
  Natasha (twice) (D:2)
  A hound skeleton (D:4)
  4 adders
  2 gnolls (D:2)
  3 worms (D:2)
  4 leopard geckos
  2 orcs
  A ball python (D:3)
  9 bats
  3 giant cockroaches (D:1)
  4 goblins
  12 hobgoblins
  5 kobolds
  2 quokkas (D:3)
  5 frilled lizards
  8 rats
69 creatures vanquished.

Vanquished Creatures (collateral kills)
  A gnoll (D:2)
1 creature vanquished.

Vanquished Creatures (others)
  A gnoll (D:2)
1 creature vanquished.

Grand Total: 71 creatures vanquished

Notes
Turn   | Place    | Note
-------+----------+-------------------------------------------
     0 | D:1      | Maedhros the Octopode Artificer began the quest for the
                  | Orb.
     0 | D:1      | Reached XP level 1. HP: 13/13 MP: 3/3
   137 | D:1      | Reached skill level 1 in Unarmed Combat
   137 | D:1      | Reached XP level 2. HP: 14/18 MP: 4/4
   449 | D:2      | Found a shimmering altar of Xom.
   664 | D:2      | Reached XP level 3. HP: 16/23 MP: 5/5
  1120 | D:3      | Reached XP level 4. HP: 24/28 MP: 6/6
  1415 | D:4      | Reached XP level 5. HP: 33/33 MP: 8/8
  1448 | D:4      | Found a staircase to the Ecumenical Temple.
  1474 | D:4      | Found a one-way gate to the infinite horrors of the Abyss.
  1474 | D:4      | Noticed an ancient zyme
  1474 | D:4      | Noticed twirl's ghost (amateur GrFi)
  1478 | D:4      | Found a transporter.
  1497 | Temple   | Entered the Ecumenical Temple
  1546 | Temple   | Became a worshipper of Cheibriados the Contemplative
  2179 | D:2      | Noticed Natasha
  2187 | D:2      | Killed Natasha
  2187 | D:2      | Reached * piety under Cheibriados
  2207 | D:2      | Noticed Natasha
  2212 | D:2      | Killed Natasha
  2438 | D:3      | Found a burning altar of Makhleb.
  2689 | D:3      | Reached XP level 6. HP: 33/38 MP: 9/9
  2861 | D:4      | Found a transporter.
  2920 | D:4      | Reached ** piety under Cheibriados
  3067 | D:4      | Slain by an ogre

Levels and vault maps discovered:
D:1:      matt_arrival_refuge, layout_basic
D:2:      layout_basic, xom_teletrap_fun, uniq_natasha
D:3:      layout_basic, marbit_many_paths, minmay_puff
D:4:      layout_loops_corners, bloody_trog, minmay_temple_entry_mist,
          gammafunk_ghost_abyssal_escape, first_ration, uniq_crazy_yiuf_cottage,
          uniq_grinder
Temple:   zaba_magenta_temple

Skill      XL: |  1  2  3  4  5  6 |
---------------+-------------------+-----
Unarmed Combat | 1 2 3 4 |  4.0
Stealth        | 2 3 4 |  4.3
Evocations     | 4 |  4.6
Fighting       | |  1.0
Short Blades   | |  1.0
Dodging        | |  2.0

Action                   |  1- 3 |  4- 6 || total
-------------------------+-------+-------++-------
Melee: Short sword       |    15 |       ||    15
       Constrict         |    15 |    24 ||    39
       Dagger            |    38 |    83 ||   121
       Tentacles         |    11 |    22 ||    33
       Punch             |       |     3 ||     3
Evoke: Wand              |     1 |       ||     1
 Stab: Sleeping          |     6 |    17 ||    23
  Eat: Chunk             |       |     5 ||     5
Armor: Skin              |     8 |     3 ||    11
Dodge: Dodged            |    32 |    47 ||    79

Table legend:
 A = Non-vault XP
 B = Vault XP
 C = Vault XP percentage of total XP
 D = Non-vault monster count
 E = Vault monster count
 F = Vault count percentage of total count
                 A         B        C        D         E       F
            +---------+---------+-------+---------+---------+-------
      Total |     325 |      46 |  12.4 |      64 |       6 |   8.6
            +---------+---------+-------+---------+---------+-------
        D:1 |      28 |       0 |   0.0 |      16 |       0 |   0.0
        D:2 |     108 |      39 |  26.5 |      22 |       1 |   4.3
        D:3 |      54 |       7 |  11.5 |      18 |       5 |  21.7
        D:4 |     135 |       0 |   0.0 |       8 |       0 |   0.0
            +---------+---------+-------+---------+---------+-------
